 Dungeon Crawl Stone Soup version 0.23.2-1-ga50397a (webtiles) character file.

Game seed: 11010305990394873261

416 myga the Chucker (level 6, -1/82 HPs)
             Began as an Ogre Hunter on Apr 15, 2019.
             Killed by divine providence
             ... invoked by an orc priest
              (13 damage)
             ... on level 4 of the Dungeon.
             The game lasted 00:20:15 (3766 turns).

myga the Chucker (Ogre Hunter)                      Turns: 3766, Time: 00:20:16

Health: -1/82      AC: 23    Str: 17    XL:     6   Next: 92%
Magic:  6/6        EV:  1    Int: 14    God:
Gold:   58         SH:  0    Dex: 11    Spells: 5/5 levels left

rFire    . . .     SeeInvis .   e - +3 quarterstaff (chaos)
rCold    . . .     Gourm    .   (shield currently unavailable)
rNeg     + + +     Faith    .   (armour currently unavailable)
rPois    +         Spirit   .   (helmet currently unavailable)
rElec    .         Reflect  .   (cloak currently unavailable)
rCorr    .         Harm     .   (gloves unavailable)
MR       +....     NoTele   +   (boots unavailable)
Stlth    +.........             p - amulet of magic regeneration
HPRegen  0.23/turn              m - ring of protection from magic
MPRegen  0.35/turn              (no ring)

@: tree-form, drained
A: large, unfitting armour, clever 1, frail 1, evolution 1
a: no special abilities


You were on level 4 of the Dungeon.
You were not hungry.
You were a tree.
You visited 1 branch of the dungeon, and saw 4 of its levels.

You collected 58 gold pieces.

Inventory:

Hand Weapons
 e - a +3 quarterstaff of chaos (weapon)
 r - the +6 mace "Geconke" {holy, -Tele rPois Int+2}
   (You found it on level 4 of the Dungeon)

   It has been blessed by the Shining One to cause great damage to the undead
   and demons.
   It affects your intelligence (+2).
   It protects you from poison.
   It prevents most forms of teleportation.
Missiles
 a - 60 stones (quivered)
 c - 5 large rocks
 u - 2 throwing nets
Armour
 i - a +1 cloak (melded)
 l - a +0 robe (melded)
 n - a scarf of cloud immunity
Jewellery
 m - a ring of protection from magic (left branch)
 p - an amulet of magic regeneration (around neck)
Wands
 d - a wand of digging (8)
 s - a wand of paralysis (8)
Scrolls
 b - a scroll of teleportation
 g - a scroll of enchant weapon
 h - a scroll of identify
 k - a scroll of remove curse
 q - a scroll of amnesia
Potions
 j - a potion of brilliance
Comestibles
 f - 8 rations
 o - 4 chunks of flesh


   Skills:
 + Level 3.9(3.1) Fighting
 + Level 1.3(0.6) Maces & Flails
   Level 3.3(2.6) Polearms
 + Level 0.1(1.5) Staves
 + Level 5.4(4.6) Throwing
 + Level 3.0(2.3) Dodging
 + Level 1.6(0.9) Stealth
 + Level 0.1(0.0) Evocations


You had 5 spell levels left.
You didn't know any spells.
Your spell library was empty.

Dungeon Overview and Level Annotations

Branches:
Dungeon (4/15)
 Temple: D:4-7

Altars:
Cheibriados
Gozag
Vehumet
Yredelemnul
Zin
The Shining One


Innate Abilities, Weirdness & Mutations

You are too large for most types of armour.
((You have tough skin. (AC +1)))
Your mind is acute. (Int +2)
You are frail. (-10% HP)
You evolve.


Message History

Beogh smites you!
* * * LOW HITPOINT WARNING * * *
You hear an angry hiss.
You sock the orc priest!
You kill the orc priest!
The orc barely misses you.
You barely miss the orc. You sock the orc! Lightning courses through the orc!!
You kill the orc!
You completely miss the orc. The orc hits you but does no damage.
The orc priest invokes the aid of Beogh against you.
Beogh smites you!
* * * LOW HITPOINT WARNING * * *
The orc hits you but does no damage.
It was a potion of lignification.
You turn into a tree.
Your +1 cloak melds into your body.
Your +0 robe melds into your body.
Your roots penetrate the ground.
The orc priest invokes the aid of Beogh against you.
Beogh smites you!
You die...

.............#
##.####.####....
# ##.....##.....
.
#.#.......#.###.
. #.#.......#.##
. #....._.......
. #.#.......#...
. #.#.......#...
. # ##...♣.##
.o> .
#.####o####....
#......)....(..
.......oo..#....
.......##### .
.....## .....
.... ....


You could see an orc priest and an orc.

Vanquished Creatures
  Grinder (D:3)
  An orc priest (D:4)
  Crazy Yiuf (D:3)
  Natasha (D:3)
  3 adders
  2 oozes
  4 worms
  6 dart slugs
  A leopard gecko (D:3)
  8 orcs
  2 giant cockroaches (D:3)
  4 hobgoblins
  2 quokkas (D:2)
  5 bats
  4 frilled lizards
  8 goblins
  9 kobolds
  6 rats
68 creatures vanquished.

Notes
Turn   | Place    | Note
-------+----------+-------------------------------------------
     0 | D:1      | myga the Ogre Hunter began the quest for the Orb.
     0 | D:1      | Reached XP level 1. HP: 22/22 MP: 1/1
   292 | D:1      | Reached XP level 2. HP: 17/29 MP: 2/2
   824 | D:1      | Reached XP level 3. HP: 35/36 MP: 3/3
  1027 | D:2      | Reached skill level 1 in Polearms
  1068 | D:2      | Found a glowing golden altar of the Shining One.
  1190 | D:2      | Reached XP level 4. HP: 31/44 MP: 4/4
  2258 | D:3      | Found an opulent altar of Gozag.
  2670 | D:3      | Noticed Grinder
  2684 | D:3      | Paralysed by Grinder for 3 turns
  2690 | D:3      | Killed Grinder
  2690 | D:3      | Reached skill level 1 in Maces & Flails
  2690 | D:3      | Reached skill level 5 in Throwing
  2690 | D:3      | Reached skill level 1 in Stealth
  2690 | D:3      | Reached XP level 5. HP: 32/53 MP: 5/5
  2690 | D:3      | Reached XP level 6. HP: 37/61 MP: 6/6
  2726 | D:3      | Found a basalt altar of Yredelemnul.
  2751 | D:3      | Found a glowing silver altar of Zin.
  2814 | D:3      | Found a runed translucent door.
  2815 | D:3      | Noticed Crazy Yiuf
  2842 | D:3      | Paralysed by Crazy Yiuf for 4 turns
  2903 | D:3      | Gained mutation: Your mind is acute. (Int +2) [potion of
                  | mutation]
  2903 | D:3      | Gained mutation: You are frail. (-10% HP) [potion of
                  | mutation]
  2903 | D:3      | Gained mutation: You evolve. [potion of mutation]
  2909 | D:3      | HP: 2/54 [adder (1)]
  2912 | D:3      | Killed Crazy Yiuf
  3245 | D:3      | Noticed Natasha
  3256 | D:3      | Killed Natasha
  3490 | D:3      | Found a radiant altar of Vehumet.
  3735 | D:4      | Found a snail-covered altar of Cheibriados.
  3737 | D:4      | Got a translucent mace
  3738 | D:4      | Identified the +6 mace "Geconke" {holy, -Tele rPois Int+2}
                  | (You found it on level 4 of the Dungeon)
  3766 | D:4      | Killed from afar by an orc priest

Skill      XL: |  1  2  3  4  5  6 |
---------------+-------------------+-----
Dodging        | 2 3 |  3.0
Polearms       | 1 3 |  3.3
Fighting       | 3 |  3.9
Maces & Flails | 1 |  1.3
Throwing       | 5 |  5.4
Stealth        | 1 |  1.6
Staves         | |  0.1
Evocations     | |  0.1

Action                   |  1- 3 |  4- 6 || total
-------------------------+-------+-------++-------
Melee: Spear             |   109 |    76 ||   185
       Morningstar       |       |    28 ||    28
       Quarterstaff      |       |    24 ||    24
Throw: Stone             |    23 |    42 ||    65
       Large rock        |       |     4 ||     4
       Throwing net      |       |     2 ||     2
Evoke: Wand              |       |     3 ||     3
  Use: Scroll            |       |     5 ||     5
       Potion            |       |     5 ||     5
 Stab: Sleeping          |     1 |     4 ||     5
  Eat: Chunk             |     1 |     8 ||     9
Armor: Robe              |    14 |    24 ||    38
Dodge: Dodged            |    34 |    51 ||    85
